 Dungeon Crawl Stone Soup version 0.29-a0-284-gf9362112df (webtiles) character file.

Game seed: 11480168661702870137

310 Dabor the Skirmisher (level 6, 0/39 HPs)
             Began as a Gargoyle Fighter on Mar 15, 2022.
             Slain by a gnoll sergeant
             ... wielding a +0 spear of freezing
              (2 damage)
             ... on level 5 of the Dungeon.
             The game lasted 00:05:43 (3565 turns).

Dabor the Skirmisher (Gargoyle Fighter)             Turns: 3565, Time: 00:05:44

Health: 0/39       AC: 11    Str: 22      XL:     6   Next: 41%
Magic:  6/6        EV: 10    Int:  7 (8)  God:
Gold:   259        SH:  4    Dex:  9      Spells: 5/5 levels left

rFire   . . .      SeeInvis .   o - +1 mace (flame)
rCold   . . .      Faith    .   c - +0 buckler
rNeg    + . .      Spirit   .   b - +0 scale mail
rPois   ∞          Reflect  .   (no helmet)
rElec   +          Harm     .   (no cloak)
rCorr   .          Rampage  .   (no gloves)
Will    .....                   (no boots)
Stlth   ..........              (no amulet)
HPRegen 0.13/turn               (no ring)
MPRegen 0.10/turn               (no ring)

@: no status effects
A: sickness immunity, AC +4, negative energy resistance 1, electricity
resistance, torment resistance 1, petrification resistance
a: no special abilities


You were on level 5 of the Dungeon.
You visited 1 branch of the dungeon, and saw 4 of its levels.

You collected 259 gold pieces.

Inventory:

Hand Weapons
 a - a +0 flail
 o - a +1 mace of flaming (weapon)
Armour
 b - a +0 scale mail (worn)
 c - a +0 buckler (worn)
Jewellery
 q - a ring of ice
Scrolls
 f - a scroll of blinking
 h - 3 scrolls of noise
 l - a scroll of magic mapping
Potions
 d - a potion of might
 e - a potion of brilliance {unknown}
 g - 2 potions of curing {unknown}
 j - a potion of degeneration {unknown}
 m - a potion of flight {unknown}
 n - 2 potions of lignification {unknown}


   Skills:
 + Level 4.5 Fighting
 * Level 4.3 Maces & Flails
 + Level 4.5 Armour
 + Level 2.0 Dodging
 - Level 3.2 Shields


You had 5 spell levels left.
You didn't know any spells.
Your spell library contained the following spells:

 Spells                   Type           Power      Damage    Failure   Level
 Slow                     Hex            0%         N/A       83%         1
 Conjure Flame            Conj/Fire      0%         6-21      99%         3
 Ignite Poison            Fire/Tmut/Pois 0%         N/A       99%         3
 Sticky Flame             Conj/Fire      0%         2d3       100%        4
 Borgnjor's Revivificati  Necr           0%         N/A       100%        8
 Necromutation            Tmut/Necr      0%         N/A       100%        8
 Death's Door             Necr           0%         N/A       100%        9


Dungeon Overview and Level Annotations

Branches:
Dungeon (3/15)

Altars:
Sif Muna

Shops:
D:3 [


Innate Abilities, Weirdness & Mutations

You are immune to sickness and miasma.
Your stone body is resilient. (AC +4)
You are immune to poison.
You resist negative energy. (rN+)
You are resistant to electric shocks. (rElec)
You are resistant to unholy torment.
You are immune to petrification.


Message History

The gnoll hits you but does no damage. The gnoll completely misses you.
You sock the gnoll! You burn the gnoll.
You kill the gnoll!
The gnoll hits you from afar with a +0 spear.
The gnoll closely misses you. The gnoll closely misses you.
The gnoll hits you but does no damage.
You closely miss the gnoll. The gnoll barely misses you.
The gnoll hits you but does no damage.
You closely miss the gnoll. You block the gnoll's attack.
The gnoll hits you from afar with a +0 spear.
The gnoll hits you with a +0 halberd. The gnoll closely misses you.
You hit the gnoll. You burn the gnoll.
The gnoll is heavily wounded.
The gnoll hits you from afar with a +0 spear.
The gnoll closely misses you.
You hit the gnoll. You burn the gnoll.
The gnoll is severely wounded.
The gnoll completely misses you. The gnoll hits you but does no damage.
You sock the gnoll! You burn the gnoll.
You kill the gnoll!
You block the gnoll's attack.
The gnoll hits you from afar with a +0 spear.
You block the gnoll's attack.
There is an open door here.
You see here a +0 halberd.
You sock the gnoll! You burn the gnoll.
You kill the gnoll!
The gnoll sergeant hits you from afar with a +0 spear of freezing.
The gnoll sergeant freezes you.
The gnoll sergeant hits you from afar with a +0 spear of freezing.
* * * LOW HITPOINT WARNING * * *
The gnoll sergeant freezes you.
* * * LOW HITPOINT WARNING * * *
You block the gnoll sergeant's attack.
You thump the gnoll sergeant! You burn the gnoll sergeant.
The gnoll sergeant is moderately wounded.
The gnoll sergeant hits you with a +0 spear of freezing!
* * * LOW HITPOINT WARNING * * *
The gnoll sergeant freezes you.
You die...

.............#.....#####
.............'.....#...##
.............#.....'....#
###########+##.....#....#
#..............##'##....#
#..............#...#....#
#..............#...#....#
#..............#..##....#
...###'##......#@.##^..##
...#....'.....)g).######
...#....#......#...#
...#....#......#...#
...#....#......#####
.....####..........#
######..#######....#
#.........#g...#
#.........'....#


You could see a gnoll sergeant.

Vanquished Creatures
  A centaur (D:5)
  A jelly (D:5)
  Ijyb (D:3)
  7 gnolls
  3 adders
  A worm (D:2)
  5 dart slugs
  An orc (D:3)
  2 ball pythons (D:1)
  5 endoplasms
  2 giant cockroaches (D:2)
  5 goblins
  9 hobgoblins
  8 kobolds
  4 quokkas
  8 bats
  A frilled lizard (D:2)
  5 rats
69 creatures vanquished.

Vanquished Creatures (others)
  2 plants (D:1)
2 creatures vanquished.

Grand Total: 71 creatures vanquished

Notes
Turn   | Place    | Note
-------+----------+-------------------------------------------
     0 | D:1      | Dabor the Gargoyle Fighter began the quest for the Orb.
     0 | D:1      | Reached XP level 1. HP: 14/14 MP: 1/1
   250 | D:1      | Reached XP level 2. HP: 12/19 MP: 2/2
   643 | D:1      | Reached XP level 3. HP: 22/23 MP: 3/3
  1137 | D:2      | Reached skill level 1 in Dodging
  1142 | D:3      | Reached XP level 4. HP: 16/29 MP: 4/4
  1340 | D:2      | Found a faded altar of an unknown god.
  1353 | D:2      | Got Plato's Catalogue of Distant Worlds
  2153 | D:2      | Prayed at the altar of an unknown god.
  2153 | D:2      | Became a worshipper of Sif Muna the Loreminder
  2153 | D:2      | Reached * piety under Sif Muna
  2154 | D:2      | Fell from the grace of Sif Muna
  2219 | D:3      | Reached XP level 5. HP: 33/33 MP: 5/5
  2371 | D:3      | Noticed Ijyb
  2423 | D:3      | Killed Ijyb
  3189 | D:3      | Found Nirauxt's Antique Armour Shop.
  3227 | D:3      | You fall into a shaft and drop 2 floors!
  3227 | D:5      | Entered Level 5 of the Dungeon
  3337 | D:5      | Noticed a centaur
  3352 | D:5      | Killed a centaur
  3353 | D:5      | Reached XP level 6. HP: 25/39 MP: 6/6
  3565 | D:5      | Slain by a gnoll sergeant

Illustrated notes

Levels and vault maps discovered:
D:1:      lightli_arrival_statue_moat, layout_loops_cross,
          minmay_misc_feat_more_columns, solitary_fountain, serial_bayou_lake_a
D:2:      layout_basic, shapermc_ecumenical_altar_rom_forum, dk_vineyard_2,
          minmay_fountain_box, serial_park_tiny_2
D:3:      layout_basic, serial_shops, shop, minivault_23, uniq_ijyb
D:5:      layout_gridville

Skill      XL: |  1  2  3  4  5 |
---------------+----------------+-----
Dodging        | 1 2 |  2.0
Maces & Flails | 3 4 |  4.3
Fighting       | 4 |  4.5
Armour         | 4 |  4.5
Shields        | |  3.2

Action                   |  1- 3 |  4- 6 || total
-------------------------+-------+-------++-------
Melee: Flail             |    76 |   127 ||   203
       Mace              |       |    48 ||    48
       Unarmed           |       |    10 ||    10
Invok: Renounce Religion |       |     1 ||     1
Evoke: Wand              |       |     1 ||     1
  Use: Scroll            |       |     7 ||     7
       Potion            |       |     1 ||     1
Armor: Scale mail        |    28 |   120 ||   148
Dodge: Dodged            |    36 |   112 ||   148
Block: Buckler           |    15 |    40 ||    55

Table legend: (Time is in decaauts)
 A = Elapsed time spent in this place.
 B = Non-inter-level travel time spent in this place.
 C = Inter-level travel time spent in this place.
 D = Time resting spent in this place.
 E = Time spent auto-exploring this place.
 F = Levels seen in this place.
 G = Mean time per level.
                   A        B        C        D        E       F      G
               +--------+--------+--------+--------+--------+-----+--------+
         Total |   3672 |   3621 |     51 |    506 |   2408 |   4 |  918.0 |
       Dungeon |   3672 |   3621 |     51 |    506 |   2408 |   4 |  918.0 |
               +--------+--------+--------+--------+--------+-----+--------+

Top non-repeatable levels by time:
     D:1: 1147 daAuts
     D:3: 1116 daAuts
     D:2: 1063 daAuts
     D:5: 345 daAuts
